 Dungeon Crawl Stone Soup version 0.27.1-2-g3b301248ec (webtiles) character file.

Game seed: 6847195527988172995

23 Descartes the Ducker (level 2, 0/16 HPs)
             Began as a Deep Elf Wanderer on Oct 3, 2021.
             Constricted to death by a ball python (1 damage)
             ... on level 2 of the Dungeon.
             The game lasted 00:02:17 (1392 turns).

Descartes the Ducker (Deep Elf Wanderer)            Turns: 1392, Time: 00:02:18

Health: 0/16       AC:  2    Str: 12    XL:     2   Next: 72%
Magic:  7/7        EV: 10    Int: 14    God:
Gold:   19         SH:  0    Dex: 13    Spells: 5/5 levels left

rFire    . . .     SeeInvis .   a - +2 dagger
rCold    . . .     Faith    .   (no shield)
rNeg     . . .     Spirit   .   e - +0 robe
rPois    .         Reflect  .   (no helmet)
rElec    .         Harm     .   (no cloak)
rCorr    .         Rampage  .   (no gloves)
Will     .....                  (no boots)
Stlth    ++........             (no amulet)
HPRegen  0.05/turn              (no ring)
MPRegen  0.10/turn              (no ring)

@: constricted
A: no striking features
a: no special abilities


You were on level 2 of the Dungeon.
You visited 1 branch of the dungeon, and saw 2 of its levels.

You collected 19 gold pieces.

Inventory:

Hand Weapons
 a - a +2 dagger (weapon)
 c - a +0 spear
Missiles
 b - 4 curare-tipped darts (quivered)
 l - 9 sling bullets
 m - 19 poisoned darts
Armour
 e - a +0 robe (worn)
Scrolls
 f - a scroll of enchant weapon {unknown}
 h - a scroll of magic mapping {unknown}
 i - a scroll of vulnerability {unknown}
 k - a scroll of amnesia {unknown}
 o - a scroll of teleportation {unknown}
Potions
 d - a potion of curing
 g - a potion of lignification {unknown}
 j - a potion of berserk rage {unknown}
 n - a potion of might {unknown}


   Skills:
 - Level 1.0 Fighting
 - Level 2.0 Throwing
 + Level 4.0 Dodging
 + Level 2.1 Stealth
 + Level 2.4 Spellcasting
 - Level 2.1 Transmutations
 + Level 0.6 Ice Magic


You had 5 spell levels left.
You didn't know any spells.
Your spell library contained the following spells:

 Spells                   Type           Power      Damage    Failure   Level
 Ozocubu's Armour         Ice            3%         N/A       45%         3
 Metabolic Englaciation   Hex/Ice        1%         N/A       99%         5
 Simulacrum               Ice/Necr       1%         N/A       100%        6


Dungeon Overview and Level Annotations

Branches:
Dungeon (2/15)

Altars:

Shops:
D:2 =


Message History

The ball python is severely wounded.
The ball python bites you. The ball python constricts you.
The ball python bites you. The ball python constricts you.
You are too injured to fight recklessly!
You are too injured to fight recklessly!
You are too injured to fight recklessly!
You are too injured to fight recklessly!
You are too injured to fight recklessly!
You are too injured to fight recklessly!
You are too injured to fight recklessly!
You are too injured to fight recklessly!
You are too injured to fight recklessly!
You barely miss the ball python.
The ball python is severely wounded.
The ball python barely misses you. The ball python constricts you.
You closely miss the ball python.
The ball python is severely wounded.
The ball python bites you. The ball python constricts you.
You barely miss the ball python.
The ball python is severely wounded.
The ball python bites you. The ball python constricts you.
You barely miss the ball python.
The ball python is severely wounded.
The ball python bites you.
* * * LOW HITPOINT WARNING * * *
The ball python constricts you.
You barely miss the ball python.
The ball python is severely wounded.
The ball python bites you.
* * * LOW HITPOINT WARNING * * *
The ball python constricts you.
* * * LOW HITPOINT WARNING * * *
The ball python barely misses you. The ball python constricts you.
You escape the ball python's grasp.
You see here a quokka corpse.
There is a stone staircase leading up here.
The ball python bites you but does no damage.
The ball python grabs you.
You stop ascending the stairs.
The ball python constricts you.
You die...

#. #.#.#.......#
#.##.#!#.#.#
##.........##
##......†....#
###.........##.#
...............#
.........>..#..#
........S...#..#
#......∩@...# .#
###...####### #
#... ##.# #.


You could see a ball python.

Vanquished Creatures
  3 ball pythons (D:1)
  4 bats
  3 endoplasms (D:1)
  2 giant cockroaches (D:1)
  2 hobgoblins (D:1)
  A quokka (D:2)
  A frilled lizard (D:1)
  A kobold (D:1)
  4 rats (D:1)
21 creatures vanquished.

Notes
Turn   | Place    | Note
-------+----------+-------------------------------------------
     0 | D:1      | Descartes the Deep Elf Wanderer began the quest for the
                  | Orb.
     0 | D:1      | Descartes set off with the following items: a +2 dagger, 4
                  | curare-tipped darts, a +0 spear, a potion of curing, a +0
                  | robe
     0 | D:1      | Reached XP level 1. HP: 12/12 MP: 5/5
   308 | D:1      | Reached XP level 2. HP: 16/16 MP: 7/7
   374 | D:1      | Found a faded altar of an unknown god.
   665 | D:1      | Reached skill level 4 in Dodging
  1280 | D:2      | Found Merety's Jewellery Shop.
  1392 | D:2      | Constricted to death by a ball python

Illustrated notes

Levels and vault maps discovered:
D:1:      dpeg_arrival_pits, layout_basic, chequers_ecumenical_altar_simple
D:2:      layout_loops_ring, serial_shops, shop

Skill      XL: |  1  2 |
---------------+-------+-----
Spellcasting   | 2 |  2.4
Stealth        | 2 |  2.1
Dodging        | 4 |  4.0
Fighting       | |  1.0
Throwing       | |  2.0
Transmutations | |  2.1
Ice Magic      | |  0.6

Action                   || total
-------------------------++-------
Melee: Dagger            ||    83
 Stab: Sleeping          ||     2
Armor: Robe              ||    17
Dodge: Dodged            ||    77
